 Dungeon Crawl Stone Soup version 0.29.0-10-g45618ea6d2 (webtiles) character file.

Game seed: 12138545972530497928

126 ProzacElf the Firebug (level 4, -1/35 HPs)
             Began as a Mummy Cinder Acolyte on Aug 31, 2022.
             Was a High Priest of Ignis.
             Slain by a gnoll
             ... wielding a +0 halberd
              (14 damage)
             ... on level 2 of the Dungeon on Sept 1, 2022.
             The game lasted 00:09:39 (3582 turns).

ProzacElf the Firebug (Mummy Cinder Acolyte)        Turns: 3582, Time: 00:09:40

Health: -1/35      AC:  6    Str: 17    XL:     4   Next: 83%
Magic:  6/6        EV: 10    Int: 13    God:    Ignis [*****.]
Gold:   126        SH:  0    Dex: 14    Spells: 5/5 levels left

rFire   . . .      SeeInvis .   b - +11 dagger of Hacking and Slashing {vorpal, Dex+5}
rCold   + . .      Faith    .   (no shield)
rNeg    + + +      Spirit   .   d - +0 ring mail
rPois   ∞          Reflect  .   (no helmet)
rElec   .          Harm     .   (no cloak)
rCorr   .          Rampage  .   j - +0 pair of gloves
Will    .....                   (no boots)
Stlth   +.........              (no amulet)
HPRegen 0.11/turn               (no ring)
MPRegen 0.10/turn               (no ring)

@: no status effects
A: cold resistance 1, negative energy resistance 3, torment resistance 2, heat
vulnerability 1, in touch with death 1, no potions
a: Renounce Religion, Fiery Armour, Foxfire Swarm, Rising Flame


You were on level 2 of the Dungeon.
You worshipped Ignis.
Ignis was extremely pleased with you.
You visited 1 branch of the dungeon, and saw 3 of its levels.

You collected 126 gold pieces.

Inventory:

Hand Weapons
 a - a -1 spear of flaming
 b - the +11 dagger of Hacking and Slashing (weapon) {vorpal, Dex+5}
   (You found it on level 2 of the Dungeon)

   It inflicts extra damage upon your enemies.
   Dex:       It affects your dexterity (+5).
Missiles
 i - 5 poisoned darts (quivered)
Armour
 d - a +0 ring mail (worn)
 h - a +0 robe
 j - a +0 pair of gloves (worn)
Scrolls
 c - a scroll of magic mapping {unknown}
 e - 4 scrolls of identify {unknown}
 f - a scroll of noise {unknown}
 g - 2 scrolls of blinking {unknown}


   Skills:
 - Level 3.0 Fighting
 + Level 3.6 Polearms
 - Level 1.3 Spellcasting
 + Level 3.7 Fire Magic


You had 5 spell levels left.
You didn't know any spells.
Your spell library contained the following spells:

 Spells                   Type           Power      Damage    Failure   Level
 Scorch                   Fire           20%        2d6       17%         2
 Summon Small Mammal      Summ           0%         N/A       45%         1
 Blink                    Tloc           0%         N/A       58%         2
 Call Canine Familiar     Summ           0%         N/A       83%         3
 Summon Guardian Golem    Hex/Summ       0%         N/A       83%         3
 Manifold Assault         Tloc           0%         N/A       100%        5
 Storm Form               Tmut/Air       Unusable   N/A       N/A         7

Dungeon Overview and Level Annotations

Branches:
Dungeon (3/15)

Altars:
Yredelemnul

Shops:
D:2 =


Innate Abilities, Weirdness & Mutations

You are immune to poison.
Your flesh is cold resistant. (rC+)
You are immune to negative energy. (rN+++)
You are immune to unholy pain and torment.
You are vulnerable to heat. (rF-)
You are in touch with the powers of death.
You do not drink.


Message History

Ye puncture tha gnoll!
Tha gnoll be severely wounded.
Tha gnoll hits ye from afar wit' a +0 halberd!
Ye take 8 damage, an' haf 13/35 hp.
MASSIVE DAMAGE!!
Tha gnoll hits ye but does nay damage.
Tha gnoll barely misses ye.
Tha gnoll hits ye from afar wit' a +0 halberd.
* * * LOW HITPOINT WARNIN'
* * * Ye climb upwards.
Thar be a stone staircase leadin' down 'ere.
Ye take 4 damage, an' haf 9/35 hp.
Ye puncture tha gnoll!
Ye kill tha gnoll!
Thin's tha be 'ere: a +0 club; a gnoll corpse Thar be a stone staircase leadin' down 'ere.
Ye start restin'.
Ye start restin'.
HP restored.
Health restored: 35 Thar be a stone staircase leadin' down 'ere.
Ye climb downwards.
Tha gnoll hits ye wit' a +0 halberd!
Thar be a stone staircase leadin' up 'ere.
Ye take 11 damage, an' haf 24/35 hp.
MASSIVE DAMAGE!!
Tha gnoll closely misses ye.
Ye climb upwards.
Thar be a stone staircase leadin' down 'ere.
Tha gnoll hits ye from afar wit' a +0 halberd.
Thin's tha be 'ere: a +0 club; a gnoll skeleton Ye take 6 damage, an' haf 18/35 hp.
Tha gnoll hits ye but does nay damage.
Ye barely miss tha gnoll.
Tha gnoll hits ye wit' a +0 halberd!
Ye take 7 damage, an' haf 12/35 hp.
Ye hit tha gnoll.
Tha gnoll be moderately wounded.
Tha gnoll closely misses ye.
Ye hit tha gnoll but do nay damage.
Tha gnoll be moderately wounded.
Tha gnoll hits ye wit' a +0 halberd!
Ye die...

............#....#)#.............
........#.#.######.#....####.#..#
........#...#......#.#.####..#...
###..##.##...........#.#.....#...
####..........#..............#...
...........#.......!.#.#.###.#...
#######.####...###.###.#.........
..............##.g.........#.#.#.
#######..##...##@#.###.###.#.#^#.
.# ##......##....##.# #.#.#.#.
.#######..##..####..##.# #.#.#.##
.#.....)....>.......##.# #.#.#...
.####.#############.##'###.#.####
.####.#.###########.....##.#.#
.#....#...........'.....##.#.#
.#.#........#######.....##.#.#
.#.#............# #.....##.#.#


You could see a gnoll.

Vanquished Creatures
  An orc priest (D:2)
  A gnoll (D:2)
  5 adders
  A dart slug (D:2)
  3 orcs (D:2)
  4 ball pythons
  4 endoplasms (D:1)
  3 goblins (D:2)
  4 hobgoblins
  2 quokkas
  A bat (D:1)
  3 frilled lizards
  7 kobolds
  4 rats
  A spectral kobold (D:2)
44 creatures vanquished.

Notes
Turn   | Place    | Note
-------+----------+-------------------------------------------
     0 | D:1      | ProzacElf the Mummy Cinder Acolyte began the quest for the
                  | Orb.
     0 | D:1      | Reached XP level 1. HP: 18/18 MP: 2/2
   693 | D:1      | Reached XP level 2. HP: 20/24 MP: 4/4
  1548 | D:1      | Found a basalt altar of Yredelemnul.
  1802 | D:2      | Gained mutation: You are in touch with the powers of death.
                  | [Mummy growth]
  1802 | D:2      | Reached XP level 3. HP: 22/29 MP: 5/5
  2077 | D:2      | Upgraded the game from 0.29.0-7-g18a832c13a to
                  | 0.29.0-10-g45618ea6d2
  2194 | D:2      | Found a faded altar of an unknown god.
  2240 | D:1      | Reached XP level 4. HP: 3/35 MP: 6/6
  2642 | D:2      | Identified the +11 dagger of Hacking and Slashing {vorpal,
                  | Dex+5}
  3160 | D:2      | Found Poyxatan's Jewellery Boutique.
  3582 | D:2      | Slain by a gnoll

Illustrated notes

Levels and vault maps discovered:
D:1:      dpeg_arrival_water_altar, layout_loops_corners
D:2:      layout_basic, dreamdust_ecumenical_altar_drowned_temple, serial_shops,
          nicolae_shop_trees, chequers_serial_rivers_micro_d
D:3:      layout_basic, mainiacjoe_overflow_24_doors, uniq_jessica, uniq_grinder

Skill      XL: |  1  2 |
---------------+-------+-----
Polearms       | 3 |  3.6
Fire Magic     | 3 |  3.7
Fighting       | |  3.0
Spellcasting   | |  1.3

Action                   |  1- 3 |  4- 6 || total
-------------------------+-------+-------++-------
Melee: Spear             |   150 |    22 ||   172
       Dagger            |       |    22 ||    22
 Stab: Sleeping          |     1 |       ||     1
Armor: Robe              |     5 |       ||     5
       Ring mail         |    54 |    11 ||    65
Dodge: Dodged            |    72 |    28 ||   100
